 Dungeon Crawl Stone Soup version 0.24.0-35-gdb84b6a5db (webtiles) character file.

Game seed: 16504266989740925074, levelgen mode: deterministic

57047 Emblim88 the Grappler (level 14, -22/140 HPs)
             Began as a Troll Berserker on Nov 19, 2019.
             Was the Champion of Trog.
             Killed from afar by an orc sorcerer (42 damage)
             ... with a bolt of negative energy
             ... while paralysed by an orc sorcerer
             ... on level 2 of the Orcish Mines.
             The game lasted 01:07:35 (15829 turns).

Emblim88 the Grappler (Troll Berserker)            Turns: 15829, Time: 01:07:36

Health: -22/140    AC: 16    Str: 31    XL:     14   Next: 44%
Magic:  19/19      EV:  1    Int:  4    God:    Trog [******]
Gold:   1834       SH:  0    Dex:  9    Spells: 13/13 levels left

rFire    . . .     SeeInvis .     - Unarmed
rCold    . . .     Gourm    +   R - +0 shield
rNeg     . . .     Faith    .   A - +4 acid dragon scales
rPois    +         Spirit   .   (helmet restricted)
rElec    .         Reflect  +   l - +1 cloak
rCorr    +         Harm     .   (gloves unavailable)
MR       +....                  (boots unavailable)
Stlth    +.........             C - +2 amulet of reflection
HPRegen  0.73/turn              M - ring of poison resistance
MPRegen  0.16/turn              E - +3 ring of evasion

@: paralysed, lethally poisoned (-22 -> -33), heavily drained
A: large, unfitting armour, claws 3, fast metabolism 3, gourmand, regeneration
1, shaggy fur 1, tough skin 3
a: Berserk, Trog's Hand, Brothers in Arms, Renounce Religion


You were on level 2 of the Orcish Mines.
You worshipped Trog.
Trog was exalted by your worship.
You were not hungry.

You visited 3 branches of the dungeon, and saw 19 of its levels.
You also visited: Sewer and Ice Cave.

You collected 1834 gold pieces.

Inventory:

Hand Weapons
 f - the +1 war axe of Regicide {freeze, Str+3}
   (Trog gifted it to you on level 13 of the Dungeon)

   It has been specially enchanted to freeze those struck by it, causing extra
   injury to most foes and up to half again as much damage against particularly
   susceptible opponents.
   It can also slow down cold-blooded creatures.
   It affects your strength (+3).
 h - the +10 rapier of Fobuaq {drain, Int+2}
   (You found it on level 9 of the Dungeon)

   A truly terrible weapon, it drains the life of those it strikes.
   It affects your intelligence (+2).
Missiles
 q - 17 poisoned darts (quivered)
Armour
 l - a +1 cloak (worn)
 A - +4 acid dragon scales (worn)
 R - a +0 shield (worn)
Jewellery
 a - an uncursed ring of teleportation
 i - an uncursed ring of protection from fire
 o - an uncursed amulet of regeneration
 C - a +2 amulet of reflection (around neck)
 E - a +3 ring of evasion (right claw)
 H - an uncursed amulet of harm
 M - a ring of poison resistance (left claw)
Wands
 k - a wand of random effects (51)
 m - a wand of clouds (2)
 n - a wand of iceblast (29)
 r - a wand of flame (29)
 s - a wand of acid (15)
 y - a wand of enslavement (3)
 F - a wand of polymorph (24)
 G - a wand of paralysis (7)
 J - a wand of digging (7)
 L - a wand of disintegration (5)
Scrolls
 c - 6 scrolls of remove curse
 g - 3 scrolls of fear
 p - 7 scrolls of identify
 v - 3 scrolls of teleportation
 B - 5 scrolls of fog
 K - 4 scrolls of magic mapping
 O - a scroll of summoning
 P - a scroll of enchant weapon
Potions
 d - 4 potions of lignification
 e - 3 potions of curing
 j - 3 potions of flight
 u - a potion of agility
 z - a potion of magic
 D - a potion of ambrosia
 I - a potion of resistance
Miscellaneous
 S - a sack of spiders
Comestibles
 b - 21 rations


   Skills:
 - Level 9.3(6.9) Fighting
 - Level 9.3(6.9) Dodging
 * Level 8.1(5.8) Shields
 - Level 14.6(11.9) Unarmed Combat
 - Level 9.2(6.8) Evocations


You had 13 spell levels left.
You didn't know any spells.
Your spell library was empty.

Dungeon Overview and Level Annotations

Branches:
Dungeon (14/15)            Temple (0/1) D:5            Lair (3/6) D:10
  Swamp (0/4) Lair:3          Orc (2/2) D:11         Vaults (0/5) D:13
  Sewer (visited)           IceCv (visited)
  Snake: Lair:2-4    Spider: Lair:2-4       Elf: Orc:2

Altars:
Ashenzari
Dithmenos
Fedhas
Hepliaklqana
Okawaru
Ru
Sif Muna
Trog
Xom
Yredelemnul
Beogh

Shops:
D:4 *   Orc:2 %%(

Annotations:
D:13 exclusion: orange crystal statue


Innate Abilities, Weirdness & Mutations

You are too large for most types of armour.
You have claws for hands.
Your metabolism is lightning-fast.
You like to eat raw meat.
Your natural rate of healing is unusually fast.
You are covered in fur. (AC +1)
You have extremely tough skin. (AC +3)


Message History

You feel sick.
The red devil hits you from afar with a +2 trident of venom!
You are more poisoned.
The orc sorcerer hits you but does no damage.
You feel sick. The red devil barely misses you.
The orc sorcerer hits you but does no damage.
You feel sick.
The red devil hits you but does no damage.
You are more poisoned.
The orc sorcerer hits you but does no damage.
You feel very sick. The orc sorcerer casts a spell at you.
The bolt of fire hits you!!
* * * LOW HITPOINT WARNING * * *
You feel sick.
The red devil hits you from afar with a +2 trident of venom.
* * * LOW HITPOINT WARNING * * *
The orc sorcerer casts a spell at you. The bolt of negative energy hits you!!!
You feel drained.
You die...

#......###
#∩....∩######........#
##......##())).....))))
#...÷..÷.###)......##.[
#........###.......))#)
#....§..÷##...........#
#.......4.##......##.##
#....o.÷÷.##)......###
#....@..##....#...#
##....####)).###.##
#(...)##....# ###
###....(...##
##......## ###...##
#####


You could see an orc sorcerer and a red devil.

Vanquished Creatures
  A frost giant (IceCv)
  An ettin (Orc:1)
  7 vault guards (D:13)
  3 hydras
  2 centaur warriors (D:13)
  9 two-headed ogres
  2 death yaks (IceCv)
  3 orc high priests (Orc:2)
  Pikel (D:5)
  An ugly thing (D:13)
  6 orc knights
  4 orc sorcerers
  2 oklob plants
  2 cyclopes
  A deep elf mage (D:13)
  A manticore (D:12)
  A black mamba (Lair:2)
  Maurice (Orc:1)
  An ice statue (IceCv)
  5 komodo dragons
  5 spiny frogs
  17 polar bears (IceCv)
  A queen bee (D:8)
  4 trolls
  A tyrant leech (Lair:3)
  14 hippogriffs
  A basilisk (D:13)
  A wyvern (Lair:3)
  A vampire (D:13)
  2 wraiths
  35 yaks
  4 vampire mosquitoes (Lair:1)
  3 wargs
  2 insubstantial wisps (Lair:1)
  7 water moccasins
  2 acid dragons (D:12)
  6 swamp worms (Lair:3)
  2 porcupines
  23 orc warriors
  4 ice beasts
  2 slaves (D:5)
  3 sky beasts
  A black bear (D:10)
  A necrophage (D:12)
  13 ogres
  17 wolves (IceCv)
  9 centaurs
  2 big kobolds
  7 crocodiles
  10 bullfrogs
  Blork the orc (Orc:1)
  A gnoll sergeant (Orc:1)
  A wyvern skeleton (D:9)
  16 killer bees (D:8)
  An electric eel (D:14)
  5 wights (D:11)
  A crimson imp (D:13)
  5 howler monkeys
  A bullfrog zombie (D:11)
  A centaur zombie (D:9)
  2 jellies (D:7)
  4 hounds
  2 quasits
  28 orc wizards
  19 orc priests
  A bullfrog skeleton (D:8)
  2 centaur skeletons
  4 iguanas
  5 worker ants
  Terence (D:3)
  2 hound zombies
  A worker ant zombie (D:5)
  8 gnolls
  17 adders
  A shadow imp (D:6)
  12 white imps (Orc:2)
  2 oozes
  An adder skeleton (D:9)
  2 worms (D:4)
  3 dart slugs
  4 leopard geckos
  69 orcs
  6 bats
  2 giant cockroaches
  15 hobgoblins
  11 jackals
  6 quokkas
  2 ball pythons
  A ball python skeleton (D:4)
  6 frilled lizards
  13 goblins
  A jackal skeleton (D:5)
  22 kobolds
  A leopard gecko zombie (D:8)
  3 quokka zombies
  6 rats
  A plant (D:10)
573 creatures vanquished.

Vanquished Creatures (collateral kills)
  A vault guard (D:13)
  A troll (D:13)
  A hippogriff (D:13)
  A bullfrog (D:13)
  A worker ant (D:13)
5 creatures vanquished.

Vanquished Creatures (others)
  An orc warrior (Orc:2)
  An orc priest (Orc:1)
  A dart slug (D:5)
  An orc (Orc:1)
  A ball python (D:5)
  2 plants
7 creatures vanquished.

Grand Total: 585 creatures vanquished

Notes
Turn   | Place    | Note
-------+----------+-------------------------------------------
     0 | D:1      | Emblim88 the Troll Berserker began the quest for the Orb.
     0 | D:1      | Reached XP level 1. HP: 22/22 MP: 0/0
    84 | D:1      | Reached XP level 2. HP: 27/29 MP: 1/1
   368 | D:1      | Reached XP level 3. HP: 34/36 MP: 2/2
   378 | D:1      | Reached ** piety under Trog
   726 | D:2      | Reached skill level 4 in Unarmed Combat
   850 | D:2      | Reached XP level 4. HP: 31/44 MP: 3/3
  1475 | D:3      | Found a bloodstained altar of Trog.
  1543 | D:3      | Noticed Terence
  1553 | D:3      | Killed Terence
  1553 | D:3      | Reached XP level 5. HP: 32/53 MP: 4/4
  1975 | D:3      | Reached skill level 1 in Evocations
  2150 | D:4      | Reached skill level 5 in Unarmed Combat
  2184 | D:4      | Noticed an ogre
  2189 | D:4      | Killed an ogre
  2189 | D:4      | Reached XP level 6. HP: 61/61 MP: 4/6
  2250 | D:4      | Found Uvir's General Store.
  2299 | D:4      | Found a glowing drain.
  2312 | D:4      | Reached *** piety under Trog
  2318 | Sewer    | Entered a sewer
  2826 | D:5      | Entered Level 5 of the Dungeon
  2836 | D:5      | Reached XP level 7. HP: 59/67 MP: 7/7
  2848 | D:5      | Noticed Pikel
  2868 | D:5      | Killed Pikel
  2868 | D:5      | Reached skill level 6 in Unarmed Combat
  2906 | D:5      | Reached XP level 8. HP: 34/78 MP: 9/9
  3138 | D:5      | Found a shadowy altar of Dithmenos.
  3352 | D:5      | Reached skill level 7 in Unarmed Combat
  3420 | D:5      | Found a staircase to the Ecumenical Temple.
  3470 | D:5      | Reached **** piety under Trog
  3641 | D:5      | Found a shimmering altar of Xom.
  3642 | D:5      | Found a hazy altar of Hepliaklqana.
  3643 | D:5      | Noticed a spectral ugly thing
  3863 | D:6      | Found a shimmering blue altar of Sif Muna.
  4103 | D:7      | Reached XP level 9. HP: 65/87 MP: 11/11
  4236 | D:7      | Reached skill level 8 in Unarmed Combat
  4289 | D:7      | Reached skill level 5 in Fighting
  4320 | D:7      | Reached skill level 5 in Dodging
  4414 | D:7      | Reached skill level 5 in Evocations
  4498 | D:7      | You fall into a shaft and drop 3 floors!
  4498 | D:10     | Entered Level 10 of the Dungeon
  4695 | D:8      | Noticed a two-headed ogre
  4709 | D:8      | Killed a two-headed ogre
  4709 | D:8      | Reached skill level 9 in Unarmed Combat
  4714 | D:8      | Reached XP level 10. HP: 10/97 MP: 13/13
  5859 | D:9      | Got an ebony rapier
  5860 | D:9      | Identified the +10 rapier of Fobuaq {drain, Int+2} (You
                  | found it on level 9 of the Dungeon)
  5910 | D:9      | Found an iron altar of Okawaru.
  5912 | D:9      | Found a basalt altar of Yredelemnul.
  6075 | D:9      | Reached ***** piety under Trog
  6075 | D:9      | Reached skill level 10 in Unarmed Combat
  6625 | D:9      | Noticed a cyclops
  6637 | D:9      | Killed a cyclops
  7003 | D:10     | Reached XP level 11. HP: 107/107 MP: 15/15
  7090 | D:10     | Found a staircase to the Lair.
  7129 | D:10     | Noticed a two-headed ogre
  7134 | D:10     | Killed a two-headed ogre
  7247 | D:10     | Noticed an oklob plant
  7662 | D:11     | Found a blossoming altar of Fedhas.
  7773 | D:11     | Noticed a two-headed ogre
  7785 | D:11     | Killed a two-headed ogre
  7785 | D:11     | Reached skill level 11 in Unarmed Combat
  7896 | D:11     | Found a staircase to the Orcish Mines.
  8035 | D:11     | Found a roughly hewn altar of Beogh.
  8450 | D:12     | Noticed a two-headed ogre
  8459 | D:12     | Killed a two-headed ogre
  8461 | D:12     | You fall into a shaft and drop 2 floors!
  8760 | D:12     | Noticed a two-headed ogre
  8768 | D:12     | Killed a two-headed ogre
  9255 | D:13     | Noticed a centaur warrior
  9260 | D:13     | Killed a centaur warrior
  9260 | D:13     | Reached skill level 12 in Unarmed Combat
  9305 | D:13     | Noticed an orange crystal statue
  9313 | D:13     | Noticed a white ugly thing
  9432 | D:13     | Noticed a green ugly thing
  9443 | D:13     | Killed a green ugly thing
  9573 | D:13     | Found a gate to the Vaults.
  9582 | D:13     | Noticed a vault guard
  9594 | D:13     | Noticed a vault guard
  9597 | D:13     | Noticed a vault guard
  9602 | D:13     | Killed a vault guard
  9602 | D:13     | Reached XP level 12. HP: 118/118 MP: 16/16
  9608 | D:13     | Killed a vault guard
  9692 | D:13     | Noticed a two-headed ogre
  9696 | D:13     | Noticed a two-headed ogre
  9698 | D:13     | Killed a two-headed ogre
  9698 | D:13     | Received a gift from Trog
  9701 | D:13     | Killed a two-headed ogre
  9722 | D:13     | Got a smoking war axe {god gift}
  9725 | D:13     | Identified the +1 war axe of Regicide {freeze, Str+3} (Trog
                  | gifted it to you on level 13 of the Dungeon)
  9737 | D:13     | Noticed a vault guard
  9739 | D:13     | Noticed a vault guard
  9756 | D:13     | Killed a vault guard
  9759 | D:13     | Killed a vault guard
  9762 | D:13     | Noticed a vault guard
  9766 | D:13     | Killed a vault guard
  9771 | D:13     | Noticed a vault guard
  9772 | D:13     | Killed a vault guard
  9772 | D:13     | Reached skill level 13 in Unarmed Combat
  9788 | D:13     | Killed a vault guard
  9812 | D:13     | Noticed a vault guard
  9820 | D:13     | Killed a vault guard
  9855 | D:13     | Noticed a centaur warrior
  9855 | D:13     | Noticed a four-headed hydra
  9864 | D:13     | Killed a seven-headed hydra
  9870 | D:13     | Killed a centaur warrior
 10158 | Lair:1   | Entered Level 1 of the Lair of Beasts
 10246 | Lair:1   | Found a shattered altar of Ashenzari.
 10455 | Lair:1   | Reached XP level 13. HP: 116/128 MP: 18/18
 11428 | Lair:3   | Found a sacrificial altar of Ru.
 11515 | Lair:3   | Reached skill level 14 in Unarmed Combat
 11993 | Lair:3   | Identified the Incunabulum of Cloudy Poisoning
 12687 | Lair:3   | Found a staircase to the Swamp.
 12872 | Orc:1    | Entered Level 1 of the Orcish Mines
 12957 | Orc:1    | Noticed Maurice
 12957 | Orc:1    | Noticed an ettin
 13092 | Orc:1    | Killed an ettin
 13425 | Orc:1    | Killed Maurice
 13621 | Orc:1    | Noticed Blork the orc
 13627 | Orc:1    | Killed Blork the orc
 13674 | Orc:1    | Reached skill level 1 in Shields
 13982 | Orc:2    | Entered Level 2 of the Orcish Mines
 13982 | Orc:2    | Found Paak's Weapon Shop.
 13996 | Orc:2    | Received a gift from Trog
 14045 | Orc:2    | Found a frozen archway.
 14134 | IceCv    | Entered an ice cave
 14506 | IceCv    | Reached XP level 14. HP: 140/140 MP: 19/19
 14555 | IceCv    | Reached skill level 5 in Shields
 14745 | IceCv    | Reached ****** piety under Trog
 14794 | IceCv    | Noticed a frost giant
 14801 | IceCv    | Killed a frost giant
 14801 | IceCv    | Received a gift from Trog
 14874 | IceCv    | Identified the Compendium of Translocation
 15387 | Orc:2    | Received a gift from Trog
 15820 | Orc:2    | Found Niomp's Food Shop.
 15820 | Orc:2    | Found Mionwuoxt's Food Emporium.
 15823 | Orc:2    | Paralysed by an orc sorcerer for 7 turns
 15829 | Orc:2    | Killed from afar by an orc sorcerer

Levels and vault maps discovered:
D:1:      evilmike_arrival_crescent, layout_rooms, chequers_arboretum
D:2:      layout_basic, first_ration
D:3:      layout_loops_cross, lemuel_round_altar, uniq_terence
D:4:      cheibrodos_greedy_goblins, layout_basic, cheibrodos_sewer_entry_bend,
          serial_shops, shop_statue
D:5:      layout_cave_pods, regret_index_temple_of_mockery,
          minmay_temple_entry_drinking_statues, nicolae_dithmenos_shadow_blocks,
          uniq_pikel
D:6:      layout_rooms, lemuel_blue_sif_altar
D:7:      layout_basic, nicolae_ossuary_entry_catacombs
D:8:      layout_rooms, david_nohive_1, kennysheep_small_square
D:9:      minmay_tri_box, layout_irregular_city,
          chequers_temple_overflow_statue_of_worship
D:10:     layout_roguey, dpeg_oklobed_lair
D:11:     layout_long_grid, minmay_orc_entry_temple_small, basic_altar,
          chequers_serial_rivers_micro_c, kennysheep_minor_cross
D:12:     layout_roguey
D:13:     layout_basic, erik_vaults_2, small_statue_alley_a
D:14:     layout_roguey, serial_shops, shop, serial_park_paths
          [serial_park_minivault_5x5_2], uniq_jorgrun
Lair:1:   layout_roguey, basic_altar, pond
Lair:2:   layout_misc_corridors, lemuel_fruit_fields
Lair:3:   layout_layer_cave, palyth_hydra_swamp_entry,
          eino_small_chamber_without_monster, lemuel_oklob_altar
Orc:1:    layout_caves, sword_in_stone, uniq_maurice
Orc:2:    grunt_orc_tribal_feast, layout_diamond_mine, serial_shops,
          nicolae_shop_crystal, portal_ice_cave_entry_imps

Skill      XL: |  1  2  3  4  5  6  7  8  9 10 11 12 13 14 |
---------------+-------------------------------------------+-----
Unarmed Combat | 4 5 6 7 9 10 12 13 14 | 14.6
Fighting       | 3 4 5 6 7 8 9 |  9.3
Dodging        | 3 4 5 6 7 8 9 |  9.3
Evocations     | 1 2 3 4 5 6 7 8 9 |  9.2
Shields        | 4 8 |  8.1

Action                   |  1- 3 |  4- 6 |  7- 9 | 10-12 | 13-15 || total
-------------------------+-------+-------+-------+-------+-------++-------
Melee: Unarmed           |   118 |   148 |   235 |   589 |   637 ||  1727
       Punch             |     1 |     1 |     9 |    40 |    19 ||    70
Invok: Trog's Hand       |       |     1 |     1 |    15 |    10 ||    27
       Berserk           |       |       |     3 |    17 |    11 ||    31
       Brothers in Arms  |       |       |       |     2 |       ||     2
Evoke: Wand              |       |       |       |     8 |    24 ||    32
  Use: Scroll            |       |     8 |     3 |    14 |     7 ||    32
       Potion            |       |     3 |       |    15 |     9 ||    27
 Stab: Sleeping          |       |     2 |     3 |       |       ||     5
       Invisible         |       |       |     5 |       |     3 ||     8
       Confused          |       |       |       |       |     2 ||     2
       Fleeing           |       |       |       |       |     2 ||     2
  Eat: Chunk             |    13 |    10 |    22 |    43 |    40 ||   128
       Ration            |       |       |       |    12 |     5 ||    17
Armor: Animal skin       |    46 |    54 |    83 |    56 |       ||   239
       Troll leather arm |       |       |       |    78 |       ||    78
       Acid dragon scale |       |       |       |    79 |   206 ||   285
Dodge: Dodged            |    48 |    72 |   117 |   466 |   427 ||  1130
Block: Other             |       |       |     5 |    45 |    25 ||    75
       Reflection        |       |       |       |     6 |    15 ||    21
       Shield            |       |       |       |       |   191 ||   191
